 Dungeon Crawl Stone Soup version 0.30-a0-292-g0f741e3f8e (webtiles) character file.

Game seed: 595336457235182616

547 Iusername the Shield-Bearer (level 7, -3/62 HPs)
             Began as a Minotaur Fighter on Oct 17, 2022.
             Slain by a black bear (4 damage)
             ... on level 5 of the Dungeon.
             The game lasted 00:04:57 (3763 turns).

Iusername the Shield-Bearer (Minotaur Fighter)      Turns: 3763, Time: 00:04:57

Health: -3/62      AC:  8    Str: 23    XL:     7   Next: 7%
Magic:  6/6        EV:  9    Int:  5    God:
Gold:   257        SH:  5    Dex: 15    Spells: 6/6 levels left

rFire   . . .      SeeInvis .    a - +0 war axe
rCold   . . .      Faith    .    c - +0 buckler
rNeg    . . .      Spirit   .    b - +0 scale mail
rPois   .          Reflect  .    (helmet restricted)
rElec   .          Harm     .    n - +0 cloak
rCorr   .          Rampage  .    (no gloves)
Will    .....                    (no boots)
Stlth   ..........               (no amulet)
HPRegen 0.30/turn                f - +6 ring of dexterity
MPRegen 0.10/turn                (no ring)

@: marked, attractive, hasted, very quick
A: horns 2, retaliatory headbutt
a: no special abilities


You were on level 5 of the Dungeon.
You visited 1 branch of the dungeon, and saw 5 of its levels.

You collected 257 gold pieces.

Inventory:

Hand Weapons
 a - a +0 war axe (weapon)
Armour
 b - a +0 scale mail (worn)
 c - a +0 buckler (worn)
 n - a +0 cloak (worn)
Jewellery
 f - a +6 ring of dexterity (left hand)
 q - a ring of flight
Wands
 m - a wand of paralysis (7)
 p - a wand of quicksilver (7)
Scrolls
 e - 12 scrolls of identify {unknown}
 g - 3 scrolls of immolation {unknown}
 h - a scroll of teleportation {unknown}
 j - a scroll of acquirement {unknown}
 o - a scroll of amnesia {unknown}
 r - 3 scrolls of poison {unknown}
Potions
 d - a potion of might
 i - a potion of mutation {unknown}
 k - a potion of haste
 l - a potion of curing {unknown}
 t - a potion of invisibility {unknown}


   Skills:
 + Level 5.7 Fighting
 + Level 5.0 Axes
 + Level 5.7 Armour
 + Level 5.8 Shields


You had 6 spell levels left.
You didn't know any spells.
Your spell library contained the following spells:

 Spells                   Type           Power      Damage    Failure   Level
 Kiss of Death            Conj/Necr      0%         2d5       85%         1
 Confusing Touch          Hex            0%         N/A       99%         3
 Dazzling Flash           Conj/Hex       0%         N/A       99%         3
 Frozen Ramparts          Ice            0%         1d1       99%         3
 Dispel Undead            Necr           0%         3d6       100%        4
 Ice Form                 Ice/Tmut       0%         N/A       100%        4
 Summon Ice Beast         Ice/Summ       0%         N/A       100%        4
 Agony                    Necr           0%         N/A       100%        5
 Silence                  Hex/Air        0%         N/A       100%        5


Dungeon Overview and Level Annotations

Branches:
Dungeon (5/15)
 Temple: D:4-7

Altars:
Trog
Xom
The Shining One

Shops:
D:1 (


Innate Abilities, Weirdness & Mutations

You have a pair of horns on your head.
You reflexively headbutt those who attack you in melee.


Message History

You headbutt the phantom, but do no damage.
The phantom is almost destroyed.
You hit the black bear.
The phantom hits you but does no damage.
The black bear bites you but does no damage.
The black bear claws you.
* * * LOW HITPOINT WARNING * * *
The black bear claws you.
* * * LOW HITPOINT WARNING * * *
You barely miss the phantom.
The phantom is almost destroyed.
You hit the black bear.
A hound comes into view.
The black bear goes berserk!
The phantom barely misses you. You furiously retaliate!
You headbutt the phantom. You hit the black bear.
Your headbutt misses the black bear.
The black bear is almost dead.
You closely miss the phantom. You hit the dart slug. The black bear bites you.
* * * LOW HITPOINT WARNING * * *
The black bear claws you.
* * * LOW HITPOINT WARNING * * *
The black bear completely misses you.
The phantom hits you but does no damage.
The dart slug bites you but does no damage.
You barely miss the black bear.
You headbutt the black bear, but do no damage.
The black bear is almost dead.
You closely miss the phantom. You slash the dart slug!
You kill the dart slug!
The black bear barely misses you.
The black bear claws you but does no damage. x2
The phantom misses you. The black bear bites you!
* * * LOW HITPOINT WARNING * * *
The black bear claws you.
* * * LOW HITPOINT WARNING * * *
The black bear barely misses you.
It was a potion of attraction.
You feel attractive to monsters. The black bear bites you.
You die...

########...##.###.........
######.....#...####
#####.#.#...# #.#.###.#
#.#.# .# #h# #.#
#####W###### #...@h......
.......#†#...#. .......#.#
## .......#.# ####### .#
.# .# .#


You could see a black bear (berserk), a phantom and a hound.

Vanquished Creatures
  A black bear (D:5)
  2 scorpions
  A jelly (D:4)
  Crazy Yiuf (D:3)
  Jessica (D:3)
  An orc wizard (D:5)
  2 iguanas (D:5)
  6 adders
  A white imp (D:4)
  A worm (D:2)
  3 dart slugs
  8 orcs (D:5)
  6 ball pythons
  4 endoplasms
  2 giant cockroaches (D:4)
  12 goblins
  5 hobgoblins
  7 jackals
  12 kobolds
  4 quokkas
  5 bats (D:1)
  2 frilled lizards (D:2)
  3 rats (D:3)
90 creatures vanquished.

Notes
Turn   | Place    | Note
-------+----------+-------------------------------------------
     0 | D:1      | Iusername the Minotaur Fighter began the quest for the Orb.
     0 | D:1      | Reached XP level 1. HP: 19/19 MP: 0/0
    67 | D:1      | Reached XP level 2. HP: 19/27 MP: 1/1
   187 | D:1      | Found Kattatzi's Antique Weapon Boutique.
   374 | D:1      | Reached XP level 3. HP: 33/33 MP: 2/2
   638 | D:2      | Found a faded altar of an unknown god.
   942 | D:2      | Reached XP level 4. HP: 30/41 MP: 3/3
  1401 | D:3      | Found a runed translucent door.
  1402 | D:3      | Noticed Crazy Yiuf
  1556 | D:3      | Found a bloodstained altar of Trog.
  1556 | D:3      | Found a shimmering altar of Xom.
  1828 | D:3      | Noticed Jessica
  1834 | D:3      | Killed Jessica
  2190 | D:3      | Killed Crazy Yiuf
  2191 | D:3      | Reached XP level 5. HP: 38/47 MP: 4/4
  2573 | D:4      | Reached skill level 5 in Shields
  2619 | D:4      | Reached skill level 5 in Armour
  2925 | D:4      | Reached skill level 5 in Fighting
  2925 | D:4      | Reached XP level 6. HP: 28/56 MP: 5/5
  3292 | D:5      | Entered Level 5 of the Dungeon
  3298 | D:5      | Found a glowing golden altar of the Shining One.
  3759 | D:5      | Reached skill level 5 in Axes
  3759 | D:5      | Reached XP level 7. HP: 19/62 MP: 6/6
  3762 | D:5      | HP: 1/62 [black bear (3)]
  3763 | D:5      | Slain by a black bear

Illustrated notes

Levels and vault maps discovered:
D:1:      ebering_trefoil_3fold, layout_rooms, serial_shops, shop,
          minmay_3d_cube
D:2:      layout_loops_cross, dreamdust_ecumenical_altar_grove, minmay_cut_off
D:3:      layout_loops_corners, gammafunk_temple_overflow_elements,
          uniq_jessica, uniq_crazy_yiuf_cottage
D:4:      layout_gridville, chequers_serial_rivers_small_3
D:5:      layout_basic, overflow_temple_1_default, gammafunk_ghost_hive

Skill      XL: |  1  2  3  4  5  6 |
---------------+-------------------+-----
Armour         | 4 5 |  5.7
Shields        | 4 5 |  5.8
Fighting       | 4 5 |  5.7
Axes           | 3 4 5 |  5.0

Action                   |  1- 3 |  4- 6 |  7- 9 || total
-------------------------+-------+-------+-------++-------
Melee: War axe           |    95 |   105 |     4 ||   204
       Headbutt          |    11 |    17 |     2 ||    30
  Use: Potion            |       |     1 |     1 ||     2
Armor: Scale mail        |    49 |    56 |     6 ||   111
Dodge: Dodged            |    55 |    52 |     5 ||   112
Block: Buckler           |    19 |    24 |       ||    43

Table legend: (Time is in decaauts)
 A = Elapsed time spent in this place.
 B = Non-inter-level travel time spent in this place.
 C = Inter-level travel time spent in this place.
 D = Time resting spent in this place.
 E = Time spent auto-exploring this place.
 F = Levels seen in this place.
 G = Mean time per level.
                   A        B        C        D        E       F      G
               +--------+--------+--------+--------+--------+-----+--------+
         Total |   3838 |   3704 |    134 |    244 |   2890 |   5 |  767.6 |
       Dungeon |   3838 |   3704 |    134 |    244 |   2890 |   5 |  767.6 |
               +--------+--------+--------+--------+--------+-----+--------+

Top non-repeatable levels by time:
     D:3: 1053 daAuts
     D:4: 1042 daAuts
     D:2: 722 daAuts
     D:1: 538 daAuts
     D:5: 482 daAuts
